 Dungeon Crawl Stone Soup version 0.31-a0-1388-g4b2ba238e7 (webtiles) character file.

Game seed: 11202164287241802712

819 Ofeo the Trooper (level 7, -3/76 HPs)
             Began as an Oni Gladiator on Dec 24, 2023.
             Was a Believer of Zin.
             Splashed by a jelly's acid (8 damage)
             ... on level 5 of the Dungeon.
             The game lasted 00:06:53 (4777 turns).

Ofeo the Trooper (Oni Gladiator)                    Turns: 4777, Time: 00:06:53

Health: -3/76      AC: -8    Str: 21    XL:     7   Next: 95%
Magic:  7/7        EV: 11    Int:  9    God:    Zin [**....]
Gold:   258        SH:  0    Dex: 13    Spells: 6/6 levels left

rFire   + + .        o - +6 dagger of Ituj {speed, rF+ rC- Dex+3}
rCold   x . .        (no shield)
rNeg    . . .        b - +0 robe
rPois   .            c - +0 hat
rElec   .            m - +0 cloak
rCorr   .            (gloves unavailable)
SInv    .            (boots unavailable)
Will    .....        r - amulet of magic regeneration
Stlth   +            k - +4 ring of protection
HPRegen 0.32/turn    t - ring of protection from fire
MPRegen 0.50/turn

%: no passive effects
@: corroded
A: large, unfitting armour, horns 1, tough skin 1, double potion healing,
drunken brawling
a: Renounce Religion, Recite, Vitalisation, Donate Gold


You were on level 5 of the Dungeon.
You worshipped Zin.
Zin was pleased with you.
You visited 2 branches of the dungeon, and saw 6 of its levels.

You collected 286 gold pieces.
You donated 28 gold pieces to Zin.

Inventory:

Hand Weapons
 a - a +0 flail
 o - the +6 dagger of Ituj (weapon) {speed, rF+ rC- Dex+3}
   (You found it on level 2 of the Dungeon)

   Dex+3:     It affects your dexterity (+3).
   rF+:       It protects you from fire.
   rC-:       It makes you vulnerable to cold.
 v - a +0 giant club
Missiles
 d - 3 throwing nets (quivered)
 j - 6 silver javelins
 n - a large rock
 s - 5 poisoned darts
Armour
 b - a +0 robe (worn)
 c - a +0 hat (worn)
 m - a +0 cloak (worn)
Jewellery
 k - a +4 ring of protection (left hand)
 r - an amulet of magic regeneration (around neck)
 t - a ring of protection from fire (right hand)
Wands
 u - a wand of polymorph (7)
Scrolls
 f - 2 scrolls of teleportation {@r3}
 g - a scroll of revelation
 i - a scroll of fear
Potions
 e - 2 potions of enlightenment
 h - 3 potions of heal wounds {@q2}
 l - a potion of might {unknown}
 p - 2 potions of degeneration


   Skills:
 + Level 6.9 Fighting
 - Level 3.4 Maces & Flails
 + Level 5.2 Throwing
 + Level 5.1 Dodging


You had 6 spell levels left.
You didn't know any spells.
Your spell library contained the following spells:

 Spells                   Type           Power      Damage    Failure   Level
 Call Imp                 Summ           0%         N/A       52%         2
 Sublimation of Blood     Necr           0%         N/A       52%         2
 Dazzling Flash           Conj/Hex       0%         N/A       77%         3
 Mephitic Cloud           Conj/Alch/Air  0%         N/A       77%         3
 Agony                    Necr           0%         N/A       100%        5
 Silence                  Hex/Air        0%         N/A       100%        5
 Summon Hydra             Summ           0%         N/A       100%        7


Dungeon Overview and Level Annotations

Branches:
Dungeon (5/15)             Temple (1/1) D:4

Altars:
Ashenzari
Elyvilon
Fedhas
Hepliaklqana
Kikubaaqudgha
Makhleb
Qazlal
Ru
Sif Muna
Trog
Vehumet
Xom
Zin

Shops:
D:3 =   D:4 :

Annotations:
D:3 3 runed translucent doors, Azoth's ghost, amateur DsCj
D:5 2 runed translucent doors, grandjackal's ghost, amateur DrGl


Innate Abilities, Weirdness & Mutations

You are too large for most types of armour.
You have a pair of small horns on your head.
You have tough skin. (AC +1)
You gain doubled healing and magic from potions.
Whenever you drink a healing potion, you attack all around you.


Message History

You are too injured to fight recklessly!
You hit the jelly but do no damage.
Your hands burn!
The jelly is heavily wounded.
The jelly hits you. The acid corrodes you!
You are splashed with acid!
You take 10 damage, and have 35/76 hp.
You hit the jelly but do no damage.
Your hands burn!
You headbutt the jelly, but do no damage.
The jelly is heavily wounded.
You take 2 damage, and have 33/76 hp.
You hit the jelly.
Your hands burn!
You headbutt the jelly!
The jelly is almost dead.
The jelly hits you.
You are splashed with acid!
* * * LOW HITPOINT WARNING * * *
You take 11 damage, and have 22/76 hp.
You hit the jelly but do no damage.
Your hands burn!
* * * LOW HITPOINT WARNING * * *
You headbutt the jelly, but do no damage.
The jelly is almost dead.
The jelly hits you.
* * * LOW HITPOINT WARNING * * *
The acid corrodes you!
You are splashed with acid!
* * * LOW HITPOINT WARNING * * *
You take 12 damage, and have 10/76 hp.
You take a swig of the potion and twirl the +6 dagger of Ituj {speed, rF+ rC- Dex+3}.
You hit the jelly but do no damage. The acid corrodes you!
Your hands burn!
* * * LOW HITPOINT WARNING * * *
The jelly is almost dead.
You savour every drop.
You feel better. The jelly misses you.
You regained 5 hp, and now have 15/76 hp.
You hit the jelly but do no damage.
Your hands burn!
* * * LOW HITPOINT WARNING * * *
The jelly is almost dead.
You take 4 damage, and have 11/76 hp.
You hit the jelly but do no damage.
Your hands burn!
* * * LOW HITPOINT WARNING * * *
The jelly is almost dead.
The jelly hits you.
* * * LOW HITPOINT WARNING * * *
You are splashed with acid!
You die...

§## #...# #.#.##.##.#.## §.#
##...# #.####.####.## ## #....#
##....†....... .# ##...###
#####.#...... .# #.###......#
##.#.##.## ## #.........##
#..#.##.# # #####....###
####.#.##.# ##
#...##J#...#.###.##.#
.############...@...⌠... #>##..
...........######.#...#. #.####
.#########..## ## ######.# .#
##..# ### #.##.# .### ##.####.#
#.##.# ...### #...##..#
#.##.##### .#...######.#.##.##
#..#)..... ##~~.~≈##...#.##.#
#..#######
.≈≈≈≈≈≈≈.####..>.#######..#####


You could see a jelly.

Vanquished Creatures
  A black bear (D:5)
  An ogre (D:5)
  2 scorpions (D:4)
  2 howler monkeys (D:4)
  A bombardier beetle (D:5)
  2 hounds (D:5)
  A jelly (D:5)
  2 orc priests (D:4)
  A sleepcap (D:4)
  2 orc wizards
  8 adders
  A white imp (D:4)
  10 dart slugs
  9 orcs
  4 endoplasms
  3 giant cockroaches
  10 goblins
  8 hobgoblins
  2 jackals (D:4)
  3 quokkas
  7 ball pythons
  2 bats
  4 frilled lizards
  4 kobolds
  8 rats
98 creatures vanquished.

Notes
Turn   | Place    | Note
-------+----------+-------------------------------------------
     0 | D:1      | Ofeo the Oni Gladiator began the quest for the Orb.
     0 | D:1      | Reached XP level 1. HP: 22/22 MP: 1/1
   162 | D:1      | Reached XP level 2. HP: 29/29 MP: 2/2
   209 | D:1      | Reached skill level 3 in Fighting
   938 | D:2      | Reached XP level 3. HP: 37/37 MP: 3/3
  1258 | D:2      | Identified the +6 dagger of Ituj {speed, rF+ rC- Dex+3}
  1670 | D:3      | Found a sacrificial altar of Ru.
  1670 | D:3      | Found a blossoming altar of Fedhas.
  1693 | D:3      | Reached XP level 4. HP: 31/48 MP: 4/4
  1926 | D:3      | Reached skill level 4 in Fighting
  2035 | D:3      | Found Xotihec's Jewellery Emporium.
  2262 | D:3      | Found a glowing silver altar of Zin.
  2262 | D:3      | Noticed an angel
  2367 | D:3      | Found a runed translucent gate.
  2367 | D:3      | Found a runed translucent gate.
  2368 | D:3      | Found a runed translucent gate.
  2369 | D:3      | Noticed Azoth's ghost (amateur DsCj)
  2487 | D:4      | Found a staircase to the Ecumenical Temple.
  2577 | Temple   | Entered the Ecumenical Temple
  2587 | D:4      | Reached XP level 5. HP: 54/54 MP: 5/5
  2627 | D:4      | Reached XP level 6. HP: 40/65 MP: 6/6
  2639 | D:4      | Reached skill level 5 in Fighting
  2642 | D:4      | Found Uvikk's Self-Improvement Boutique.
  3183 | D:4      | Reached XP level 7. HP: 74/74 MP: 7/7
  3192 | D:4      | Reached skill level 6 in Fighting
  3222 | D:4      | Found a broken altar of Ashenzari.
  3489 | D:3      | Became a worshipper of Zin the Law-Giver
  3489 | D:3      | Reached * piety under Zin
  3532 | D:5      | Entered Level 5 of the Dungeon
  3652 | D:5      | Found an ancient bone altar of Kikubaaqudgha.
  3712 | D:5      | Found a burning altar of Makhleb.
  3976 | D:5      | Reached skill level 5 in Throwing
  3976 | D:5      | Reached skill level 5 in Dodging
  4169 | D:5      | Found a large runed translucent door.
  4169 | D:5      | Found a large runed translucent door.
  4176 | D:5      | Noticed grandjackal's ghost (amateur DrGl)
  4178 | D:5      | Reached ** piety under Zin
  4499 | D:5      | Found a radiant altar of Vehumet.
  4777 | D:5      | Splashed by a jelly's acid

Illustrated notes

Levels and vault maps discovered:
D:1:      amcnicky_arrival_gap_in_the_tavern_cellar, layout_loops_ring
D:2:      layout_basic
D:3:      layout_rooms, zin_angel, grunt_temple_overflow_open,
          gammafunk_ghost_necromancy, serial_shops, nicolae_shop_gaudy_bauble,
          kennysheep_another_room, minmay_quadrilaterals
D:4:      layout_rooms, ashenzari_altar_1, minmay_temple_entry_glass,
          nicolae_shop_self_help
D:5:      kennysheep_slugbush, layout_basic, grunt_temple_overflow_diamond,
          kiku_gazebo_garden_becter, nicolae_vehumet_altar_sigil,
          bloody_makhleb, ebering_ghost_disaster_area
Temple:   nicolae_temple_superstar

Skill      XL: |  1  2  3  4  5  6  7 |
---------------+----------------------+-----
Fighting       | 3 4 5 6 |  6.9
Dodging        | 3 4 5 |  5.1
Throwing       | 3 4 5 |  5.2
Maces & Flails | |  3.4

Action                     |  1- 3 |  4- 6 |  7- 9 || total
---------------------------+-------+-------+-------++-------
  Melee: Flail             |    82 |       |       ||    82
         Headbutt          |    10 |    21 |    23 ||    54
         Dagger            |    14 |   149 |    74 ||   237
         Punch             |       |     1 |     1 ||     2
    Use: Scroll            |       |     7 |       ||     7
         Potion            |       |     1 |     1 ||     2
   Stab: Sleeping          |     1 |       |     1 ||     2
 Armour: Robe              |    68 |   111 |    38 ||   217
  Dodge: Dodged            |    54 |    54 |    30 ||   138

Table legend: (Time is in decaauts)
 A = Elapsed time spent in this place.
 B = Non-inter-level travel time spent in this place.
 C = Inter-level travel time spent in this place.
 D = Time resting spent in this place.
 E = Time spent auto-exploring this place.
 F = Levels seen in this place.
 G = Mean time per level.
                   A        B        C        D        E       F      G
               +--------+--------+--------+--------+--------+-----+--------+
         Total |   4718 |   4466 |    252 |     69 |   3540 |   6 |  786.3 |
       Dungeon |   4716 |   4464 |    252 |     69 |   3540 |   5 |  943.2 |
        Temple |      1 |      1 |      0 |      0 |      0 |   1 |    1.0 |
               +--------+--------+--------+--------+--------+-----+--------+

Top non-repeatable levels by time:
     D:5: 1208 daAuts
     D:3: 1124 daAuts
     D:1: 888 daAuts
     D:4: 774 daAuts
     D:2: 720 daAuts
  Temple: 1 daAuts
